Map: Waterfall

Players

ByuN - Winner!

  • Race: Terran Terran
  • Spawn Location: 1:00

Reynor

  • Race: Zerg Zerg
  • League: Master
  • Spawn Location: 7:00

Event: HomeStory Cup XXII

VOD

Have the link to the VOD?

Description

Time

  • Played on: Dec. 16, 2022, 2:22 p.m.
  • Length: 7:05

All games in this series

Show
View Real Time Build Order
Export as new Build Order

ByuN Terran - Winner!

Build Orders:  

Get SALT Encoding   

  12  0:00  SCV  
  13  0:12  SCV  
  14  0:17  Supply Depot  
  14  0:24  SCV  
  15  0:39  SCV  
  15  0:40  Barracks  
  16  0:43  Refinery  
  16  0:51  SCV  
  17  0:59  Barracks  
  17  1:03  SCV  
  18  1:15  SCV  
  19  1:27  Reaper, Orbital Command  
  19  1:31  Supply Depot  
  20  1:46  Reaper  
  21  1:53  SCV  
  22  2:02  Reaper  
  22  2:05  SCV  
  24  2:14  Command Center  
  24  2:17  SCV  
  26  2:25  Barracks Reactor  
  26  2:29  SCV  
  26  2:30  Barracks  
  26  2:36  Barracks Tech Lab  
  26  2:37  Supply Depot  
  26  2:41  SCV  
  27  2:47  Barracks  
  27  2:54  SCV  
  28  3:00  Marine  
  28  3:02  Marine x2  
  31  3:06  SCV  
  31  3:07  Stimpack  
  32  3:18  SCV, Marine  
  32  3:19  Marine  
  34  3:20  Barracks Tech Lab, Marine  
  36  3:30  SCV  
  36  3:34  Orbital Command  
  37  3:35  Marine  
  37  3:37  Marine x2  
  37  3:39  Marine  
  37  3:40  Marine  
  42  3:45  SCV  
  42  3:53  Combat Shield, Marine  
  42  3:55  Marine  
  43  3:57  Marine x2  
  43  4:00  SCV x2  
  43  4:01  Supply Depot  
  46  4:03  Marine  
  46  4:09  Supply Depot  
  47  4:12  SCV x2  
  47  4:13  Marine x2  
  51  4:19  Marine x2  
  51  4:20  Marine  
  54  4:24  SCV x2  
  54  4:31  Marine x2  
  56  4:32  Supply Depot  
  56  4:36  SCV x2  
  56  4:37  Marine x2  
  62  4:38  Marine  
  63  4:48  SCV x2  
  63  4:49  Marine x2  
  67  4:54  Supply Depot, Marine  
  67  4:55  Marine  
  67  4:56  Marine  
  70  5:07  Marine x2  
  70  5:12  Marine x2  
  74  5:14  Marine  
  71  5:24  Marine x2  
  72  5:30  Marine x2  
  72  5:32  Marine  
  73  5:42  Marine x2  
  74  5:48  Marine x2  
  74  5:49  SCV, Marine  
  74  5:51  SCV  
  63  6:00  Marine x2  
  52  6:06  Marine x2  
  52  6:07  Marine  
  51  6:18  Marine x2  
  45  6:23  SCV  
  45  6:24  Marine x2  
  45  6:25  Marine  
  46  6:27  SCV  
  48  6:36  Marine x2  
  48  6:41  Marine x2  
  48  6:43  Marine  
Show
View Real Time Build Order
Export as new Build Order

Reynor Zerg 

Build Orders: Pool First 

Get SALT Encoding   

  12  0:06  Drone  
  13  0:11  Overlord  
  13  0:16  Drone  
  14  0:30  Drone x2  
  16  0:38  Drone  
  17  0:46  Extractor  
  17  0:49  Drone  
  17  0:52  Spawning Pool  
  16  0:59  Drone  
  17  1:10  Drone  
  18  1:18  Hatchery  
  18  1:22  Drone  
  18  1:38  Zergling x2  
  18  1:39  Queen  
  21  1:45  Metabolic Boost  
  21  1:50  Overlord  
  21  1:54  Drone  
  22  2:08  Drone  
  23  2:14  Queen  
  25  2:16  Zergling x2  
  26  2:26  Zergling x2  
  27  2:30  Queen  
  27  2:31  Zergling x2  
  27  2:36  Drone  
  31  2:42  Drone  
  32  2:49  Drone  
  33  2:51  Overlord  
  33  2:53  Zergling x4  
  33  2:54  Zergling x2  
  36  3:11  Drone  
  36  3:12  Drone  
  38  3:16  Hatchery, Overlord  
  38  3:17  Drone  
  38  3:26  Drone x2  
  39  3:33  Queen, Drone x3  
  43  3:35  Drone  
  43  3:39  Overlord  
  43  3:41  Drone  
  43  3:47  Drone x2  
  45  3:51  Drone x2  
  45  3:57  Queen  
  45  3:58  Drone  
  45  4:02  Drone  
  49  4:08  Drone x3  
  49  4:09  Queen  
  54  4:13  Overlord  
  54  4:15  Drone  
  55  4:18  Evolution Chamber  
  55  4:22  Drone x2  
  55  4:23  Overlord  
  56  4:27  Zergling x4  
  58  4:33  Zergling x2  
  58  4:34  Drone  
  58  4:35  Drone  
  58  4:36  Queen  
  62  4:38  Drone  
  62  4:44  Zergling x4  
  65  4:49  Zergling x2  
  66  4:53  Zergling x6  
  66  4:55  Queen  
  66  4:58  Overlord  
  71  5:00  Zergling x4  
  71  5:06  Zergling x4  
  71  5:07  Zergling x4  
  77  5:08  Drone x2  
  77  5:12  Zergling x4  
  81  5:16  Queen  
  81  5:18  Zergling x4  
  81  5:20  Zergling x6  
  73  5:21  Zergling x2  
  73  5:25  Zergling x2  
  66  5:30  Zergling x2  
  66  5:32  Zergling x2  
  66  5:33  Queen  
  66  5:34  Zergling x4  
  66  5:35  Zergling x2  
  74  5:40  Overlord  
  74  5:42  Zergling x2  
  73  5:44  Zergling x2  
  73  5:49  Zergling x2  
  72  5:51  Zergling x2  
  55  5:58  Zergling x6, Queen  
  55  5:59  Zergling x2  
  55  6:03  Zergling x2  
  36  6:12  Zergling x2  
  27  6:19  Drone  
  27  6:20  Zergling x2  
  27  6:23  Zergling x2  
Tags
 
League
Master
Matchup
TvZ
Opening
Pool First
Replay Pack
hsc22
Spawn Locations
Cross Positions
Add a new tag
Caveats
  • Supply blocks, unpowered buildings, or Contaminate may cause inaccurate times.
  • Supply counts are checked every 10 seconds.